 Dungeon Crawl Stone Soup version 0.22.0-6-g71bd7aa6b3 (webtiles) character file.

14 GordonOverkill the Grave Robber (level 2, 0/19 HPs)
             Began as a Barachi Necromancer on Aug 16, 2018.
             Slain by a leopard gecko (3 damage)
             ... on level 1 of the Dungeon.
             The game lasted 00:01:55 (754 turns).

GordonOverkill the Grave Robber (BaNe)               Turns: 754, Time: 00:01:55

Health: 0/19       AC:  2    Str:  9    XL:     2   Next: 41%
Magic:  0/5        EV: 13    Int: 15    God:
Gold:   16         SH:  0    Dex: 12    Spells: 4/5 levels left

rFire    + . .     SeeInvis .   b - +0 dagger
rCold    + . .     Gourm    .   (no shield)
rNeg     . . .     Faith    .   a - +0 robe
rPois    .         Spirit   .   (no helmet)
rElec    .         Reflect  .   e - scarf {rC+ rF+}
rCorr    .         Harm     .   (no gloves)
MR       .....                  (no boots)
Stlth    ++........             (no amulet)
HPRegen  0.06/turn              (no ring)
MPRegen  0.09/turn              (no ring)

@: can't hop, slow
A: +LOS, swims, slowness 1, strong legs 1
a: Hop


You were on level 1 of the Dungeon.
You were not hungry.

You visited 1 branch of the dungeon, and saw 1 of its levels.

You collected 16 gold pieces.

Inventory:

Hand Weapons
 b - a +0 dagger (weapon)
Missiles
 d - a throwing net (quivered)
Armour
 a - a +0 robe (worn)
 e - a scarf of resistance (worn)
Scrolls
 g - a scroll of identify {unknown}
Comestibles
 c - 2 rations
 f - 2 chunks of flesh


   Skills:
 + Level 3.3 Dodging
 - Level 1.7 Stealth
 - Level 2.1 Spellcasting
 - Level 3.6 Necromancy


You had 4 spell levels left.
You knew the following spells:

 Your Spells              Type           Power        Failure   Level  Hunger
a - Pain                  Necr           ##..         4%          1    #......

Your spell library contained the following spells:

 Spells                   Type           Power        Failure   Level  Hunger
 Animate Dead             Necr           N/A          45%         4    #####..
 Animate Skeleton         Necr           N/A          4%          1    #......
 Vampiric Draining        Necr           ##........   16%         3    ###....
 Regeneration             Chrm/Necr      #.........   30%         3    ###....


Dungeon Overview and Level Annotations

Branches:
Dungeon (1/15)

Altars:


Innate Abilities, Weirdness & Mutations

Shadows flee at your approach. (+LOS)
You can swim through water.
You cover ground slowly.
You can hop short distances.


Message History

The leopard gecko misses you. The leopard gecko closely misses you.
Hop to where?
Press: ? - help, Dir - move target cursor, p - leopard gecko Boing!
The leopard gecko hisses menacingly.
A hobgoblin comes into view. It is wielding a club.
Found a stone staircase leading down.
Casting: Pain (safe; 4% risk of failure)
Confirm with . or Enter, or press ? or * to list all spells.
Aiming: Pain (safe; 4% risk of failure)
Press: ? - help, Shift-Dir - straight line, f - leopard gecko
Aim: a leopard gecko (lightly wounded, chance to defeat MR: 82%)
The leopard gecko writhes in agony!
The leopard gecko barely misses you.
You barely miss the leopard gecko.
The leopard gecko is heavily wounded.
The leopard gecko closely misses you.
You hit the leopard gecko but do no damage.
The leopard gecko is heavily wounded.
The leopard gecko bites you.
You die...

#..............
#....#......#######
##.#.#............#
#....#............#
#..###.###........#
.................(#
..................#
.......#.##....l..#
#####....##.....@.####
..................'.....>
.#..#....##.......##.###.
#..#....##.......##.# #
#..#....##.......##.# .# .
.........g..#####.###.#
#####.#..................#
..# #..................###
8.###...#.....(....#.#.####


You could see a leopard gecko and a hobgoblin.

Vanquished Creatures
  3 bats (D:1)
  3 goblins (D:1)
  A hobgoblin (D:1)
  A kobold (D:1)
  2 frilled lizards (D:1)
  2 rats (D:1)
12 creatures vanquished.

Notes
Turn   | Place    | Note
-------+----------+-------------------------------------------
     0 | D:1      | GordonOverkill the Barachi Necromancer began the quest for the Orb.
     0 | D:1      | Reached XP level 1. HP: 13/13 MP: 3/3
     6 | D:1      | Noticed a hound
     6 | D:1      | Noticed a lindwurm
     6 | D:1      | Noticed a wyvern
     6 | D:1      | Noticed a black bear
   182 | D:1      | Reached XP level 2. HP: 4/19 MP: 0/5
   754 | D:1      | Slain by a leopard gecko

Skill      XL: |  1 |
---------------+----+-----
Dodging        | 3 |  3.3
Stealth        | |  1.7
Spellcasting   | |  2.1
Necromancy     | |  3.6

Action                   || total
-------------------------++-------
Melee: Dagger            ||    14
 Cast: Pain              ||    26
 Abil: Hop               ||     2
Armor: Robe              ||    16
Dodge: Dodged            ||    38
